General information
- name: BNet
- type: Ladder team game (AT/RT)
- host: Battle.net
- saver: idididuaduadudu
map: Cherryville
- players: 8
- length: 28:10
- speed: Fast
- version: 1.26 W3XP
- replay type: Public
» download(169 KB)
Players
team 1 (loser)

»
Darkdeeds (
red | 35 APM | 644 actions | 18:34)
2 Priestess of the Moon
1 Trueshot Aura
1 Searing Arrows
2 Keeper of the Grove
1 Entangling Roots
1 Force of Nature
» actions
| Basic commands | 21 | |
| Build / train | 73 | |
| Enter build submenu | 14 | |
| Enter hero's abilities submenu | 4 | |
| Right click | 265 | |
| Select / deselect | 223 | |
| Use ability | 44 | |
644 total
» units
| Wisp | 19 | |
| Archer | 7 | |
| Druid of the Talon | 12 | |
| Dryad | 18 | |
56 total
» upgrades
| Abolish Magic | 1 | |
| Druid of the Talon Training | 2 | |
| Strength of the Wild | 3 | |
| Reinforced Hides | 2 | |
| Mark of the Talon | 1 | |
9 total
» buildings
| Altar of Elders | 1 | |
| Moon Well | 7 | |
| Ancient of War | 1 | |
| Ancient of Wonders | 1 | |
| Tree of Ages | 1 | |
| Hunter's Hall | 1 | |
| Tree of Life | 1 | |
| Ancient of Lore | 1 | |
| Ancient of Wind | 1 | |
| Tree of Eternity | 1 | |
16 total
» build order
00:22 Altar of Elders
00:31 Moon Well
00:36 Ancient of War
01:30 Moon Well
01:51 Ancient of Wonders
03:07 Tree of Ages
04:21 Hunter's Hall
05:52 Tree of Life
06:03 Moon Well
06:12 Ancient of Lore
06:57 Ancient of Wind
07:02 Moon Well
08:18 Moon Well
10:07 Tree of Eternity
12:08 Moon Well
13:40 Moon Well

»
Ximllull (
yellow | 30 APM | 846 actions | 27:51)
7 Far Seer
3 Feral Spirit
2 Chain Lighting
1 Earth Quake
1 Far Sight
» actions
| Basic commands | 30 | |
| Build / train | 56 | |
| ESC pressed | 2 | |
| Enter build submenu | 25 | |
| Enter hero's abilities submenu | 7 | |
| Give item / drop item | 2 | |
| Remove unit from queue | 1 | |
| Right click | 339 | |
| Select / deselect | 313 | |
| Use ability | 71 | |
846 total
» units
| Peon | 11 | |
| Grunt | 9 | |
| Raider | 1 | |
| Wind Rider | 14 | |
35 total
» upgrades
| Ensnare | 0 | |
| Envenomed Spears | 1 | |
1 total
» buildings
| Orc Burrow | 5 | |
| Barracks | 1 | |
| Altar of Storms | 1 | |
| Voodoo Lounge | 1 | |
| War Mill | 1 | |
| Stronghold | 1 | |
| Fortress | 1 | |
| Great Hall | 4 | |
| Beastiary | 2 | |
| Watch Tower | 6 | |
23 total
» build order
00:11 Orc Burrow
00:36 Barracks
00:59 Altar of Storms
01:36 Orc Burrow
02:10 Voodoo Lounge
03:29 Orc Burrow
04:08 War Mill
05:41 Stronghold
07:23 Orc Burrow
08:24 Fortress
08:37 Great Hall
09:10 Beastiary
09:39 Beastiary
09:55 Great Hall
10:08 Orc Burrow
12:03 Watch Tower
12:20 Watch Tower
12:26 Watch Tower
12:29 Watch Tower
12:32 Watch Tower
12:38 Watch Tower
17:30 Great Hall
25:07 Great Hall
» items
| Healing Salve | 2 | |
| Lesser Clarity Potion | 1 | |
| Scroll of Town Portal | 4 | |
| Potion of Healing | 1 | |
| Dust of Appearance | 1 | |
9 total
gab3420 (
pink | 24 APM | 671 actions | 28:08)
5 Mountain King
3 Storm Bolt
2 Bash
3 Paladin
2 Holy Light
1 Divine Shield
1 Priestess of the Moon
1 Searing Arrows
» actions
| Basic commands | 9 | |
| Build / train | 68 | |
| Enter build submenu | 31 | |
| Enter hero's abilities submenu | 9 | |
| Give item / drop item | 1 | |
| Remove unit from queue | 1 | |
| Right click | 256 | |
| Select / deselect | 246 | |
| Use ability | 50 | |
671 total
» units
| Peasant | 15 | |
| Rifleman | 9 | |
| Mortar Team | 4 | |
| Dryad | 5 | |
33 total
» upgrades
| Gunpowder | 2 | |
| Masonry | 2 | |
| Armor | 1 | |
| Lumber Harvesting | 1 | |
| Fragmentation Shards | 1 | |
| Long Rifles | 1 | |
8 total
» buildings
| Altar of Kings | 1 | |
| Farm | 10 | |
| Barracks | 1 | |
| Lumber Mill | 1 | |
| Blacksmith | 1 | |
| Scout Tower | 7 | |
| Guard Tower | 7 | |
| Keep | 1 | |
| Arcane Vault | 1 | |
| Workshop | 2 | |
| Castle | 1 | |
| Town Hall | 1 | |
34 total
» build order
00:13 Altar of Kings
00:37 Farm
00:49 Barracks
01:03 Lumber Mill
01:58 Blacksmith
02:09 Farm
02:18 Farm
02:51 Farm
03:10 Scout Tower
03:19 Farm
03:37 Scout Tower
03:40 Guard Tower
03:46 Scout Tower
04:18 Guard Tower
04:24 Farm
04:35 Scout Tower
04:50 Keep
05:11 Guard Tower
05:39 Farm
06:35 Arcane Vault
07:14 Workshop
07:26 Workshop
08:32 Farm
08:37 Farm
10:20 Farm
10:24 Castle
11:06 Scout Tower
11:51 Guard Tower
11:55 Scout Tower
12:29 Guard Tower
12:35 Scout Tower
16:10 Guard Tower
23:48 Town Hall
» items
| Scroll of Town Portal | 3 | |
| Periapt of Vitality | 1 | |
| Orb of Lightning | 1 | |
5 total

»
TimElf (
orange | 44 APM | 1231 actions | 27:57)
5 Dark Ranger
1 Black Arrow
1 Life Drain
2 Silence
1 Charm
4 Lich
2 Frost Nova
2 Frost Armor
3 Naga Sea Witch
2 Forked Lightning
1 Mana Shield
» actions
| Assign group hotkey | 8 | |
| Basic commands | 98 | |
| Build / train | 98 | |
| Enter build submenu | 24 | |
| Enter hero's abilities submenu | 11 | |
| Give item / drop item | 5 | |
| Right click | 605 | |
| Select / deselect | 287 | |
| Select group hotkey | 36 | |
| Use ability | 59 | |
1231 total
» units
| Acolyte | 17 | |
| Ghoul | 2 | |
| Crypt Fiend | 12 | |
| Goblin Shredder | 1 | |
| Frost Wyrm | 6 | |
| Wisp | 10 | |
| Dryad | 5 | |
53 total
» upgrades
| Creature Attack | 3 | |
| Creature Carapace | 2 | |
| Burrow | 1 | |
| Web | 1 | |
| Freezing Breath | 1 | |
8 total
» buildings
| Crypt | 1 | |
| Graveyard | 1 | |
| Ziggurat | 8 | |
| Altar of Darkness | 1 | |
| Nerubian Tower | 1 | |
| Necropolis | 3 | |
| Tomb of Relics | 1 | |
| Spirit Tower | 4 | |
| Halls of the Dead | 1 | |
| Black Citadel | 1 | |
| Sacrificial Pit | 1 | |
| Boneyard | 3 | |
| Tree of Life | 1 | |
27 total
» build order
00:12 Crypt
00:21 Graveyard
00:53 Ziggurat
01:16 Altar of Darkness
01:32 Ziggurat
04:17 Ziggurat
04:18 Nerubian Tower
04:43 Necropolis
06:37 Tomb of Relics
06:49 Ziggurat
06:51 Ziggurat
07:04 Ziggurat
07:38 Ziggurat
07:42 Spirit Tower
07:44 Spirit Tower
08:06 Halls of the Dead
08:36 Ziggurat
09:26 Spirit Tower
10:56 Black Citadel
12:28 Spirit Tower
13:26 Sacrificial Pit
14:19 Boneyard
14:21 Boneyard
14:23 Boneyard
19:38 Tree of Life
23:36 Necropolis
26:02 Necropolis
» items
| Scroll of Town Portal | 7 | |
| Potion of Healing | 2 | |
| Orb of Fire | 2 | |
| Dust of Appearance | 1 | |
| Scroll of Protection | 1 | |
13 total
team 2 (winner)

»
macrostb (
purple | 68 APM | 1919 actions | 28:09)
5 Demon Hunter
3 Immolation
2 Evasion
4 Warden
2 Shadow Strike
2 Blink
3 Priestess of the Moon
2 Trueshot Aura
1 Searing Arrows
» actions
| Assign group hotkey | 24 | |
| Basic commands | 361 | |
| Build / train | 66 | |
| Enter build submenu | 18 | |
| Enter hero's abilities submenu | 12 | |
| Give item / drop item | 1 | |
| Remove unit from queue | 1 | |
| Right click | 280 | |
| Select / deselect | 230 | |
| Select group hotkey | 836 | |
| Use ability | 89 | |
1919 total
» units
» upgrades
| Moon Armor | 3 | |
| Strength of the Moon | 3 | |
| Improved Bows | 1 | |
| Marksmanship | 1 | |
| Well Spring | 1 | |
9 total
» buildings
| Altar of Elders | 1 | |
| Moon Well | 5 | |
| Ancient of War | 2 | |
| Hunter's Hall | 1 | |
| Tree of Ages | 1 | |
| Ancient of Wonders | 2 | |
| Tree of Eternity | 1 | |
| Tree of Life | 2 | |
| Ancient Protector | 4 | |
19 total
» build order
00:10 Altar of Elders
00:13 Moon Well
00:40 Moon Well
01:30 Moon Well
01:53 Ancient of War
02:14 Ancient of War
02:47 Moon Well
03:25 Hunter's Hall
05:03 Tree of Ages
05:38 Moon Well
07:28 Ancient of Wonders
07:35 Ancient of Wonders
10:39 Tree of Eternity
20:02 Tree of Life
22:09 Tree of Life
22:15 Ancient Protector
22:16 Ancient Protector
22:17 Ancient Protector
22:18 Ancient Protector
» items
| Boots of Speed | 2 | |
| Staff of Teleportation | 2 | |
| Moonstone | 1 | |
| Scroll of Town Portal | 3 | |
| Orb of Venom | 1 | |
| Potion of Healing | 3 | |
| Orb of Corruption | 1 | |
13 total
idididuaduadudu (
blue | 96 APM | 2693 actions | 28:10)
6 Blood Mage
3 Flame Strike
2 Siphon Mana
1 Summon Phoenix
» actions
| Assign group hotkey | 111 | |
| Basic commands | 91 | |
| Build / train | 179 | |
| ESC pressed | 21 | |
| Enter build submenu | 63 | |
| Enter hero's abilities submenu | 6 | |
| Give item / drop item | 2 | |
| Remove unit from queue | 1 | |
| Right click | 744 | |
| Select / deselect | 396 | |
| Select group hotkey | 858 | |
| Use ability | 221 | |
2693 total
» units
| Peasant | 15 | |
| Footman | 4 | |
| Goblin Zeppelin | 1 | |
| Goblin Shredder | 1 | |
| Sorceress | 2 | |
| Mortar Team | 8 | |
| Flying Machine | 2 | |
33 total
» upgrades
| Masonry | 3 | |
| Lumber Harvesting | 2 | |
| Swords | 2 | |
| Sorceress Training | 2 | |
| Magic Sentry | 1 | |
| Gunpowder | 3 | |
| Armor | 3 | |
| Fragmentation Shards | 1 | |
| Flare | 1 | |
| Barrage | 1 | |
| Flak Cannons | 1 | |
| Long Rifles | 1 | |
| Animal War Training | 1 | |
| Storm Hammers | 1 | |
| Cloud | 1 | |
| Plating | 3 | |
27 total
» buildings
| Altar of Kings | 1 | |
| Barracks | 1 | |
| Farm | 10 | |
| Arcane Vault | 1 | |
| Town Hall | 6 | |
| Keep | 3 | |
| Scout Tower | 53 | |
| Lumber Mill | 1 | |
| Arcane Tower | 4 | |
| Blacksmith | 1 | |
| Guard Tower | 56 | |
| Arcane Sanctum | 1 | |
| Castle | 4 | |
| Workshop | 6 | |
| Gryphon Aviary | 2 | |
150 total
» build order
01:00 Altar of Kings
01:01 Barracks
01:03 Farm
01:06 Farm
01:43 Farm
02:23 Farm
02:55 Arcane Vault
03:02 Farm
04:03 Town Hall
04:44 Keep
04:44 Keep
05:06 Scout Tower
05:10 Lumber Mill
05:37 Arcane Tower
05:38 Arcane Tower
05:43 Scout Tower
05:43 Scout Tower
05:45 Scout Tower
05:50 Scout Tower
05:51 Scout Tower
05:53 Scout Tower
06:03 Blacksmith
06:17 Guard Tower
06:48 Guard Tower
06:58 Scout Tower
06:59 Scout Tower
07:05 Scout Tower
07:05 Scout Tower
07:58 Guard Tower
07:58 Guard Tower
08:18 Arcane Sanctum
09:05 Guard Tower
09:06 Guard Tower
09:39 Castle
09:40 Castle
09:40 Castle
10:03 Workshop
10:16 Workshop
11:30 Farm
11:32 Farm
11:49 Farm
11:51 Farm
11:53 Farm
14:34 Gryphon Aviary
14:35 Gryphon Aviary
15:24 Guard Tower
15:24 Guard Tower
17:07 Town Hall
17:12 Scout Tower
17:13 Scout Tower
17:15 Scout Tower
17:16 Town Hall
17:51 Scout Tower
17:52 Scout Tower
17:53 Scout Tower
18:23 Guard Tower
18:24 Scout Tower
18:25 Scout Tower
18:25 Scout Tower
18:26 Scout Tower
18:26 Scout Tower
18:27 Scout Tower
18:58 Guard Tower
18:59 Guard Tower
18:59 Guard Tower
22:11 Town Hall
22:13 Scout Tower
22:14 Scout Tower
22:16 Town Hall
24:20 Town Hall
24:21 Scout Tower
24:22 Scout Tower
24:23 Scout Tower
24:24 Scout Tower
24:27 Scout Tower
24:28 Scout Tower
24:28 Scout Tower
24:29 Scout Tower
24:30 Scout Tower
24:31 Scout Tower
24:32 Scout Tower
24:36 Scout Tower
24:37 Scout Tower
24:39 Scout Tower
24:41 Scout Tower
24:43 Scout Tower
24:44 Scout Tower
24:48 Scout Tower
24:49 Scout Tower
25:08 Guard Tower
25:08 Guard Tower
25:09 Guard Tower
25:09 Guard Tower
25:12 Guard Tower
25:13 Guard Tower
25:13 Guard Tower
25:22 Workshop
25:23 Workshop
25:25 Workshop
25:28 Workshop
25:35 Scout Tower
25:35 Scout Tower
25:36 Scout Tower
25:36 Scout Tower
25:37 Scout Tower
25:37 Scout Tower
25:38 Scout Tower
25:39 Scout Tower
25:41 Guard Tower
25:41 Guard Tower
26:06 Guard Tower
26:06 Guard Tower
26:06 Guard Tower
26:06 Guard Tower
26:08 Guard Tower
26:08 Guard Tower
26:09 Guard Tower
26:09 Guard Tower
26:24 Guard Tower
26:24 Guard Tower
26:24 Guard Tower
26:54 Guard Tower
26:54 Guard Tower
26:55 Guard Tower
26:56 Scout Tower
27:39 Guard Tower
27:39 Guard Tower
27:40 Guard Tower
» items
| Scroll of Regeneration | 6 | |
| Mechanical Critter | 4 | |
| Potion of Invisibility | 1 | |
| Staff of Teleportation | 1 | |
| Ivory Tower | 1 | |
| Lesser Clarity Potion | 3 | |
| Scroll of Town Portal | 2 | |
| Staff of Sanctuary | 1 | |
19 total

»
flank (
teal | 32 APM | 906 actions | 28:09)
7 Death Knight
3 Unholy Aura
3 Death Coil
1 Animate Dead
» actions
| Basic commands | 17 | |
| Build / train | 34 | |
| Enter build submenu | 19 | |
| Enter hero's abilities submenu | 7 | |
| Right click | 612 | |
| Select / deselect | 186 | |
| Use ability | 31 | |
906 total
» units
| Acolyte | 2 | |
| Ghoul | 4 | |
| Frost Wyrm | 10 | |
16 total
» upgrades
| Unholy Armor | 1 | |
| Freezing Breath | 1 | |
2 total
» buildings
| Crypt | 1 | |
| Altar of Darkness | 1 | |
| Ziggurat | 8 | |
| Graveyard | 2 | |
| Halls of the Dead | 1 | |
| Black Citadel | 1 | |
| Spirit Tower | 2 | |
| Sacrificial Pit | 2 | |
| Boneyard | 4 | |
22 total
» build order
00:29 Crypt
00:32 Altar of Darkness
00:35 Ziggurat
01:56 Graveyard
02:01 Graveyard
02:42 Halls of the Dead
04:17 Ziggurat
04:19 Ziggurat
04:20 Ziggurat
04:27 Ziggurat
05:29 Black Citadel
05:31 Spirit Tower
06:51 Sacrificial Pit
06:55 Sacrificial Pit
07:53 Boneyard
07:57 Boneyard
08:05 Boneyard
08:09 Boneyard
09:00 Ziggurat
09:02 Ziggurat
09:03 Ziggurat
10:59 Spirit Tower
» items
| Scroll of Town Portal | 3 | |
| Scroll of Regeneration | 1 | |
4 total

»
Patologico (
green | 25 APM | 705 actions | 28:09)
5 Death Knight
2 Death Coil
3 Unholy Aura
4 Crypt Lord
2 Carrion Beetles
1 Spiked Carapace
1 Impale
» actions
| Build / train | 74 | |
| Enter build submenu | 23 | |
| Enter hero's abilities submenu | 9 | |
| Remove unit from queue | 6 | |
| Right click | 257 | |
| Select / deselect | 290 | |
| Use ability | 46 | |
705 total
» units
| Acolyte | 9 | |
| Ghoul | 4 | |
| Crypt Fiend | 13 | |
| Frost Wyrm | 8 | |
34 total
» upgrades
| Creature Attack | 3 | |
| Web | 1 | |
| Creature Carapace | 3 | |
| Freezing Breath | 1 | |
8 total
» buildings
| Altar of Darkness | 1 | |
| Ziggurat | 11 | |
| Crypt | 1 | |
| Graveyard | 1 | |
| Nerubian Tower | 3 | |
| Spirit Tower | 8 | |
| Tomb of Relics | 1 | |
| Halls of the Dead | 2 | |
| Black Citadel | 1 | |
| Necropolis | 3 | |
| Sacrificial Pit | 1 | |
| Boneyard | 2 | |
35 total
» build order
00:09 Altar of Darkness
00:14 Ziggurat
00:39 Crypt
01:05 Graveyard
01:15 Nerubian Tower
01:42 Ziggurat
02:39 Spirit Tower
03:01 Tomb of Relics
04:09 Halls of the Dead
04:54 Ziggurat
05:51 Spirit Tower
08:34 Black Citadel
09:04 Ziggurat
09:07 Ziggurat
09:10 Ziggurat
09:13 Ziggurat
09:45 Necropolis
09:57 Spirit Tower
10:00 Nerubian Tower
10:03 Spirit Tower
10:05 Nerubian Tower
10:39 Sacrificial Pit
12:11 Boneyard
12:17 Boneyard
12:30 Necropolis
16:21 Halls of the Dead
23:45 Ziggurat
23:47 Ziggurat
23:49 Ziggurat
23:52 Necropolis
23:56 Ziggurat
24:40 Spirit Tower
24:41 Spirit Tower
24:42 Spirit Tower
24:50 Spirit Tower
» items
Chat log
(00:16 / All) idididuaduadudu: Darkdeeds are you named after that custom map I never played? Its name always made me think of masturbation
(00:52 / All) flank: i'm growing tired
(02:16 / Allies) flank: blue
(02:19 / Allies) flank: what are you getting
(02:27 / Allies) idididuaduadudu: An expo ASAP
(02:32 / Allies) flank: ok
(11:52 / Allies) macrostb: move your miner
(12:01 / Allies) macrostb: ty
(16:42 / Allies) Patologico: gogo teral
(16:46 / Allies) Patologico: they are all south
(16:57 / Allies) idididuaduadudu: I got red's expo, gonna try to invisimortar him
(17:10 / Allies) idididuaduadudu: let me know if you need gold or woods
(17:11 / Allies) flank: b
(17:15 / Allies) Patologico: get b purple
(17:47 / Allies) Patologico: gogo blue and teal
(19:25 / Allies) flank: tp?
(19:28 / Allies) flank: oh nvm
(19:30 / Allies) Patologico: cant
(19:33 / Allies) idididuaduadudu: Got no hall
(19:49 / Allies) idididuaduadudu: I'll just mortar again
(22:41 / Allies) Patologico: get to towers
(23:16 / All) idididuaduadudu: oh shit forgot tp lawl
(23:19 / All) idididuaduadudu: oh well it's over anyway
(25:43 / Allies) Patologico: only me tped?
(25:46 / Allies) Patologico: gay
(25:53 / Allies) macrostb: wasnt expecting you to
(25:57 / Allies) macrostb: sorry
(26:20 / Allies) idididuaduadudu: I'll mass copters to get their air if I have to
(27:46 / Allies) Patologico: killed his fucking heroe
(27:57 / All) gab3420: oj never atcked
(28:03 / All) idididuaduadudu: I never even fought head on